 Dungeon Crawl Stone Soup version 0.28.0-45-g0d030f2227 (webtiles) character file.

Game seed: 2582473275119363060

571 nickcage the Basher (level 7, 0/59 HPs)
             Began as a Minotaur Abyssal Knight on Apr 11, 2022.
             Was a Believer of Lugonu.
             Slain by an iguana (10 damage)
             ... on level 7 of the Dungeon.
             The game lasted 00:08:49 (3366 turns).

nickcage the Basher (Minotaur Abyssal Knight)       Turns: 3366, Time: 00:08:50

Health: 0/59       AC:  5    Str: 21    XL:     7   Next: 11%
Magic:  7/7        EV:  8    Int:  7    God:    Lugonu [**....]
Gold:   220        SH:  0    Dex:  9    Spells: 6/6 levels left

rFire   . . .      SeeInvis .   s - +0 morningstar
rCold   + . .      Faith    .   (no shield)
rNeg    . . .      Spirit   .   l - +0 chain mail
rPois   .          Reflect  .   (helmet restricted)
rElec   .          Harm     .   (no cloak)
rCorr   .          Rampage  .   (no gloves)
Will    .....                   (no boots)
Stlth   ..........              (no amulet)
HPRegen 0.19/turn               e - ring of protection from cold
MPRegen 0.10/turn               (no ring)

@: corroded
A: horns 2, retaliatory headbutt, clumsy 1, strong 1
a: Renounce Religion, Depart the Abyss, Bend Space


You were on level 7 of the Dungeon.
You worshipped Lugonu.
Lugonu was pleased with you.
You visited 1 branch of the dungeon, and saw 5 of its levels.
You visited the Abyss 1 time.

You collected 220 gold pieces.

Inventory:

Hand Weapons
 a - a +1 mace
 s - a +0 morningstar (weapon)
Missiles
 p - 5 poisoned darts (quivered)
Armour
 b - a +0 leather armour
 l - a +0 chain mail (worn)
Jewellery
 e - a ring of protection from cold (left hand)
Wands
 h - a wand of mindburst (14)
 q - a wand of paralysis (3)
Scrolls
 c - a scroll of vulnerability {unknown}
 d - 2 scrolls of identify {unknown}
 i - 2 scrolls of fog {unknown}
 n - 2 scrolls of enchant weapon {unknown}
 o - 2 scrolls of immolation {unknown}
 r - a scroll of fear {unknown}
 u - a scroll of enchant armour {unknown}
Potions
 f - a potion of mutation
 g - 2 potions of lignification
 j - a potion of curing {unknown}
 k - a potion of cancellation {unknown}
 m - a potion of attraction {unknown}
 t - a potion of haste {unknown}
 v - a potion of heal wounds {unknown}


   Skills:
 - Level 4.0 Fighting
 + Level 9.2 Maces & Flails
 - Level 2.8 Armour
 - Level 1.1 Dodging
 - Level 1.7 Invocations


You had 6 spell levels left.
You didn't know any spells.
Your spell library contained the following spells:

 Spells                   Type           Power      Damage    Failure   Level
 Dazzling Flash           Conj/Hex       0%         N/A       100%        3
 Agony                    Necr           0%         N/A       100%        5
 Silence                  Hex/Air        0%         N/A       100%        5


Dungeon Overview and Level Annotations

Branches:
Dungeon (4/15)
 Temple: D:4-7

Altars:
Zin


Innate Abilities, Weirdness & Mutations

You have a pair of horns on your head.
You reflexively headbutt those who attack you in melee.
You are clumsy. (Dex -2)
Your muscles are strong. (Str +2)


Message History

You see here 15 arrows.
A sourceless malevolence fills the Dungeon...
You fall into a shaft and drop 3 floors!
The shaft crumbles and collapses.
An orc warrior, an orc and an acid dragon come into view.
The orc warrior shouts!
The orc shouts!
You hear a shout!
Found a book of Conjurations, a book of Changes and 10 gold pieces.
You hit the acid dragon but do no damage.
Your headbutt misses the acid dragon.
The acid dragon bites you but does no damage.
The acid dragon claws you.
An orc wizard comes into view. It is wielding a +0 dagger.
You barely miss the acid dragon. Your headbutt misses the acid dragon.
The acid dragon bites you but does no damage.
The acid dragon claws you but does no damage.
An iguana comes into view.
Found a bubbling golden potion.
The iguana hisses angrily.
The acid dragon spits acid at you. The splash of acid hits you!!
The acid corrodes you!
The iguana hisses menacingly.
Found a stone staircase leading up.
The iguana bites you! The iguana bites you. The iguana closely misses you.
The orc wizard casts a spell at you. The magic dart hits you!
* * * LOW HITPOINT WARNING * * *
Found 19 stones.
The acid dragon bites you but does no damage.
The acid dragon claws you.
* * * LOW HITPOINT WARNING * * *
A centaur skeleton comes into view.
There is a stone staircase leading up here.
The acid dragon barely misses you. You furiously retaliate!
You headbutt the acid dragon, but do no damage.
The acid dragon claws you.
* * * LOW HITPOINT WARNING * * *
The iguana bites you!
You die...

#..# #...# .. #... ##...
###..
.#...####...#######:....
.............##.........
........................
........................
.........o.oo...........
(......lD.............##
.......@..............#
#.......................
#............:..#.......
#...............#.......
................##......
................ #..$..
............Z.. ....#
...............


You could see an orc warrior, an acid dragon, an iguana, an orc wizard, an orc
and a centaur skeleton.

Vanquished Creatures
  Sigmund (D:4)
  An ogre (D:2)
  2 phantoms (D:4)
  An orc priest (D:4)
  Ijyb (D:3)
  2 adders (D:3)
  5 worms
  3 dart slugs (D:1)
  7 orcs
  6 ball pythons
  5 bats
  3 endoplasms
  2 giant cockroaches
  8 goblins
  8 hobgoblins
  7 kobolds
  9 quokkas
  4 frilled lizards
  6 rats
81 creatures vanquished.

Notes
Turn   | Place    | Note
-------+----------+-------------------------------------------
     0 | Abyss:1  | nickcage the Minotaur Abyssal Knight began the quest for
                  | the Orb.
     0 | Abyss:1  | Reached XP level 1. HP: 19/19 MP: 1/1
   119 | D:1      | Escaped the Abyss
   256 | D:1      | Reached XP level 2. HP: 27/27 MP: 2/2
   329 | D:1      | Reached * piety under Lugonu
   338 | D:1      | Reached skill level 3 in Maces & Flails
   602 | D:1      | Found a faded altar of an unknown god.
  1044 | D:2      | Noticed an ogre
  1053 | D:2      | Gained mutation: You are clumsy. (Dex -2) [potion of
                  | mutation]
  1053 | D:2      | Gained mutation: Your muscles are strong. (Str +2) [potion
                  | of mutation]
  1067 | D:2      | Killed an ogre
  1068 | D:2      | Reached skill level 5 in Maces & Flails
  1068 | D:2      | Reached XP level 3. HP: 19/33 MP: 3/3
  1068 | D:2      | Reached XP level 4. HP: 24/40 MP: 4/4
  1771 | D:3      | Reached XP level 5. HP: 46/46 MP: 5/5
  1784 | D:3      | Reached skill level 6 in Maces & Flails
  1797 | D:3      | Reached ** piety under Lugonu
  2413 | D:3      | Noticed Ijyb
  2418 | D:3      | Paralysed by Ijyb for 7 turns
  2427 | D:3      | Paralysed by Ijyb for 2 turns
  2432 | D:3      | Killed Ijyb
  2556 | D:4      | Noticed a phantom
  2572 | D:4      | Killed a phantom
  2573 | D:4      | Reached skill level 7 in Maces & Flails
  2573 | D:4      | Reached XP level 6. HP: 20/52 MP: 6/6
  3009 | D:4      | Found a glowing silver altar of Zin.
  3027 | D:4      | Reached skill level 8 in Maces & Flails
  3156 | D:4      | Noticed Sigmund
  3163 | D:4      | Killed Sigmund
  3164 | D:4      | Reached skill level 9 in Maces & Flails
  3164 | D:4      | Reached XP level 7. HP: 55/59 MP: 7/7
  3352 | D:4      | You fall into a shaft and drop 3 floors!
  3366 | D:7      | Slain by an iguana

Illustrated notes

Levels and vault maps discovered:
D:1:      scummos_arrival_star, layout_loops_ring,
          shapermc_ecumenical_altar_ellora
D:2:      layout_basic, chequers_decorated_corner, minmay_curled_crystal
D:3:      layout_basic, minmay_ruptured, uniq_ijyb
D:4:      layout_rooms, overflow_temple_1_default, chequers_avenue, uniq_sigmund
D:7:      layout_layer_cave, kennysheep_mini, nicolae_vehumet_radiance,
          serial_shops, nicolae_shop_behind_doors, uniq_joseph

Skill      XL: |  1  2  3  4  5  6 |
---------------+-------------------+-----
Fighting       | 4 |  4.0
Maces & Flails | 5 7 9 |  9.2
Armour         | |  2.8
Dodging        | |  1.1
Invocations    | |  1.7

Action                   |  1- 3 |  4- 6 |  7- 9 || total
-------------------------+-------+-------+-------++-------
Melee: Mace              |    32 |   146 |       ||   178
       Headbutt          |     3 |    25 |       ||    28
       Punch             |     2 |     2 |       ||     4
       Morningstar       |       |     5 |     3 ||     8
Throw: Dart              |       |     1 |       ||     1
Invok: Depart the Abyss  |     1 |       |       ||     1
  Use: Potion            |     2 |       |       ||     2
Armor: Leather armour    |     4 |     8 |       ||    12
       Skin              |     2 |       |       ||     2
       Chain mail        |       |    44 |     4 ||    48
Dodge: Dodged            |     9 |    74 |     2 ||    85
